AoeStats
← Linkg

MegaRandom

503952831Analyzed
3v3 RM · 29d ago on Sep 3, 2026· 48m 56s· 6 players
Game mode
Random Map
Map size
Normal (6 player)
Population
200
Speed
Normal
Resources
Standard
Victory
Conquest
Starting age
Dark Age
Ending age
Imperial Age
RankedLock teamsTeams togetherTeam positionsShared explorationLock speedFull tech treeHidden civsTurbo modeCheats
Victory
Defeat
🇲🇽 Gurjaras · Mexico
1328
+10
🇲🇽 Teutons · Mexico
1328
+10
🇺🇸 Japanese · United States
1301
+11
🇨🇷 Persians · Costa Rica
1256
-13
🇨🇷 Mongols · Costa Rica
1249
-13
🇨🇷 Vietnamese · Costa Rica
1035
-5
Diheadwarlord
9:19 Loom
11:36 Feudal Age
17:21 Castle Age
15:48 Double-Bit Axe
15:45 Horse Collar
17:01 Fletching
19:20 Bodkin Arrow
22:00 Bloodlines
22:32 Husbandry
23:56 Ballistics
23:38 Padded Archer Armor
24:28 Medium Warships
28:02 Wheelbarrow
27:34 Town Watch
29:17 Thumb Ring
32:17 Leather Archer Armor
35:54 Masonry
36:23 Hand Cart
40:59 Imperial Age
38:13 Pikeman
39:40 Scale Mail Armor
39:51 Forging
41:24 Bow Saw
41:03 Elite Samurai
41:09 Heavy Cavalry Archer
42:28 Bracer
44:29 Chain Mail Armor
44:37 Squires
44:42 Halberdier
47:00 Chemistry
46:54 Plate Mail Armor
48:38 Siege Engineers
49:22 Ring Archer Armor
arky8a
3:32 Loom
13:18 Feudal Age
16:01 Horse Collar
22:31 Castle Age
21:34 Bloodlines
21:18 Double-Bit Axe
21:19 Fishing Lines
22:20 Scale Barding Armor
22:26 Forging
22:57 Town Watch
23:53 Heavy Plow
25:16 Chain Barding Armor
25:11 Treadmill Crane
25:51 Ballistics
25:43 Masonry
25:59 Husbandry
30:14 Bow Saw
29:58 Gold Mining
30:02 Stone Mining
34:09 Imperial Age
34:17 Wheelbarrow
34:28 Iron Casting
34:20 Padded Archer Armor
34:11 Fletching
34:24 Light Cavalry
35:30 Heavy Camel Rider
36:20 Thumb Ring
36:40 Leather Archer Armor
37:30 Gold Shaft Mining
37:33 Stone Shaft Mining
37:42 Bodkin Arrow
37:28 Elite Elephant Archer
39:26 Frontier Guards
41:15 Plate Barding Armor
41:52 Conscription
44:49 Chemistry
44:21 Architecture
43:47 Murder Holes
45:33 Hand Cart
46:11 Bracer
CapitanRexMx
9:21 Loom
11:47 Feudal Age
12:29 Double-Bit Axe
21:34 Castle Age
19:27 Fishing Lines
20:14 Horse Collar
23:08 Bloodlines
24:35 Wheelbarrow
28:24 Town Watch
29:08 Bow Saw
30:13 Gold Mining
33:09 Imperial Age
31:35 Hand Cart
32:10 Scale Barding Armor
32:15 Forging
33:38 Chain Barding Armor
33:09 Fletching
33:33 Stone Mining
33:46 Heavy Plow
34:46 Iron Casting
33:52 Cavalier
34:57 Conscription
35:18 Paladin
38:11 Plate Barding Armor
38:37 Blast Furnace
38:34 Siege Engineers
40:31 Crenellations
44:45 Pikeman
46:57 Crop Rotation
tupapa13
8:00 Loom
11:35 Feudal Age
12:31 Double-Bit Axe
12:29 Horse Collar
17:34 Castle Age
15:50 Gold Mining
16:11 Forging
23:51 Bloodlines
24:20 Scale Barding Armor
25:01 Town Watch
26:27 Chain Barding Armor
26:27 Bow Saw
29:26 Iron Casting
30:00 Wheelbarrow
32:50 Imperial Age
31:03 Husbandry
32:19 Hand Cart
32:30 Cavalier
33:47 Light Cavalry
35:53 Conscription
35:55 Hussar
37:37 Fletching
43:37 Hoardings
45:15 Heavy Camel Rider
Linkg
7:33 Loom
10:00 Feudal Age
14:29 Castle Age
12:51 Double-Bit Axe
14:09 Horse Collar
19:34 Fletching
21:39 Bodkin Arrow
25:30 Padded Archer Armor
27:54 Gold Mining
30:41 Ballistics
33:02 Thumb Ring
33:12 Bloodlines
33:28 Heavy Plow
37:52 Imperial Age
36:46 Gold Shaft Mining
37:05 Wheelbarrow
36:15 Town Watch
37:49 Leather Archer Armor
38:15 Husbandry
38:37 Bracer
39:53 Chemistry
42:34 Heavy Cavalry Archer
EmperorofMayhem94
4:28 Loom
11:55 Feudal Age
19:29 Castle Age
20:14 Forging
20:11 Scale Barding Armor
21:44 Bloodlines
21:35 Husbandry
20:56 Light Cavalry
25:32 Horse Collar
25:40 Double-Bit Axe
33:04 Wheelbarrow
32:16 Town Watch
34:07 Gold Mining
34:07 Stone Mining
35:27 Scale Mail Armor
36:04 Iron Casting
36:43 Hand Cart
36:28 Town Patrol
38:01 Heavy Plow
38:23 Chain Barding Armor
37:54 Fletching
38:04 Padded Archer Armor
38:20 Bow Saw
38:50 Stone Shaft Mining
41:42 Bodkin Arrow
42:02 Leather Archer Armor
47:13 Imperial Age
46:12 Squires
45:32 Pikeman
48:37 Scale Mail Armor
48:21 Elite Rattan Archer
Connection lost

Rejoining the realm…

Still unreachable

The connection could not be restored.

Session expired

The server has moved on; the page needs a fresh start.